AoeStats
← MattAtArms

Arabia

504034345Analyzed
1v1 RM · 1mo ago on Sep 3, 2026· 63m 15s· 2 players
Game mode
Random Map
Map size
Tiny (2 player)
Population
200
Speed
Normal
Resources
Standard
Victory
Conquest
Starting age
Dark Age
Ending age
Imperial Age
RankedLock teamsTeams togetherTeam positionsShared explorationLock speedFull tech treeHidden civsTurbo modeCheats
Victory
Defeat
🇹🇼 Vietnamese · Taiwan
1973
+12
🇬🇧 Ethiopians · United Kingdom
1888
-12
小米粒
5:10 Loom
8:42 Feudal Age
9:00 Man-at-Arms
12:06 Double-Bit Axe
12:52 Town Watch
14:57 Fletching
21:36 Castle Age
20:34 Gold Mining
20:45 Horse Collar
21:39 Crossbowman
21:47 Elite Skirmisher
22:40 Bow Saw
29:11 Ballistics
30:34 Wheelbarrow
30:16 Padded Archer Armor
30:36 Bodkin Arrow
33:04 Stone Mining
38:01 Imperial Age
37:06 Hand Cart
36:54 Heavy Plow
37:30 Stone Shaft Mining
37:47 Padded Archer Armor
38:02 Arbalester
39:17 Bracer
40:51 Chemistry
40:49 Imperial Skirmisher
42:49 Two-Man Saw
43:08 Guilds
43:06 Scale Barding Armor
43:12 Forging
43:17 Leather Archer Armor
44:20 Elite Rattan Archer
44:30 Light Cavalry
46:50 Bloodlines
46:41 Husbandry
47:02 Chain Barding Armor
47:12 Ring Archer Armor
49:00 Plate Barding Armor
49:02 Iron Casting
49:03 Paper Money
48:45 Chatras
52:11 Thumb Ring
61:58 Siege Engineers
MattAtArms
5:51 Loom
9:13 Feudal Age
9:18 Man-at-Arms
9:44 Double-Bit Axe
14:46 Fletching
22:08 Castle Age
20:14 Horse Collar
20:26 Gold Mining
20:19 Horse Collar
20:43 Padded Archer Armor
20:42 Horse Collar
22:09 Crossbowman
22:45 Bodkin Arrow
23:16 Bow Saw
24:53 Ballistics
26:46 Wheelbarrow
26:59 Thumb Ring
29:54 Town Watch
30:44 Hand Cart
39:15 Imperial Age
36:47 Heavy Plow
37:24 Gold Shaft Mining
36:39 Stone Mining
37:57 Leather Archer Armor
39:37 Masonry
39:33 Arbalester
41:18 Chemistry
40:26 Bracer
42:53 Elite Skirmisher
44:49 Ring Archer Armor
46:35 Conscription
47:52 Siege Engineers
50:13 Elite Shotel Warrior
50:54 Scale Mail Armor
51:04 Forging
51:46 Squires
51:32 Arson
52:03 Chain Mail Armor
53:12 Iron Casting
53:43 Scale Barding Armor
54:09 Plate Mail Armor
56:28 Blast Furnace
55:50 Royal Heirs
55:58 Royal Heirs
58:05 Architecture
59:09 Torsion Engines
Connection lost

Rejoining the realm…

Still unreachable

The connection could not be restored.

Session expired

The server has moved on; the page needs a fresh start.